AoeStats
← waw15

Arena

504047286Analyzed
4v4 RM · 28d ago on Sep 3, 2026· 70m 37s· 8 players
Game mode
Random Map
Map size
Large (8 player)
Population
200
Speed
Normal
Resources
Standard
Victory
Conquest
Starting age
Dark Age
Ending age
Imperial Age
RankedLock teamsTeams togetherTeam positionsShared explorationLock speedFull tech treeHidden civsTurbo modeCheats
Victory
Defeat
🇬🇧 Japanese · United Kingdom
891
+10
🇲🇽 Bohemians · Mexico
841
+12
🇹🇼 Poles · Taiwan
803
+14
🇨🇱 Bohemians · Chile
800
+14
🇲🇽 Portuguese · Mexico
856
-17
🇺🇸 Cumans · United States
734
-12
🇩🇪 Teutons · Germany
711
-11
🇹🇷 Byzantines · Türkiye
706
-10
[MIAAU] GM Panzer IV
8:01 Loom
9:21 Loom
11:51 Feudal Age
13:58 Wheelbarrow
17:26 Castle Age
15:39 Horse Collar
16:50 Double-Bit Axe
19:11 Fervor
19:51 Heavy Plow
20:27 Sanctity
28:15 Chemistry
31:41 Imperial Age
30:38 Town Watch
31:18 Treadmill Crane
31:51 Fortified Wall
32:07 Hand Cart
34:42 Conscription
36:15 Siege Engineers
36:21 Wagenburg Tactics
38:47 Ballistics
39:03 Town Patrol
39:09 Padded Archer Armor
39:10 Scale Mail Armor
38:31 Pikeman
41:52 Leather Archer Armor
41:30 Fletching
44:37 Hussite Reforms
43:52 Elite Hussite Wagon
43:58 Houfnice
45:48 Redemption
45:55 Block Printing
46:17 Theocracy
46:08 Illumination
47:34 Devotion
47:35 Atonement
47:52 Onager
48:14 Halberdier
48:54 Squires
55:36 Bodkin Arrow
55:57 Chain Mail Armor
55:40 Murder Holes
61:59 Bombard Tower
63:01 Caravan
63:43 Plate Mail Armor
63:24 Forging
63:46 Ring Archer Armor
63:16 Bracer
64:31 Guilds
65:56 Masonry
67:41 Architecture
67:48 Iron Casting
Tramollaaaa
10:28 Feudal Age
10:56 Double-Bit Axe
11:49 Wheelbarrow
11:37 Horse Collar
19:00 Castle Age
18:51 Forging
20:17 Hand Cart
22:48 Pikeman
27:43 Fervor
29:19 Redemption
30:20 Caravan
31:54 Bow Saw
32:01 Heavy Plow
32:59 Iron Casting
32:25 Scale Mail Armor
37:22 Imperial Age
36:42 Chemistry
36:03 Ballistics
36:36 Chain Mail Armor
39:15 Wagenburg Tactics
39:35 Sanctity
39:16 Devotion
38:42 Houfnice
41:12 Atonement
41:35 Faith
41:41 Illumination
41:33 Block Printing
41:13 Herbal Medicine
41:54 Theocracy
43:43 Elite Hussite Wagon
43:55 Sappers
44:46 Conscription
48:26 Halberdier
49:07 Squires
48:52 Arson
49:41 Plate Mail Armor
50:12 Blast Furnace
59:57 Padded Archer Armor
64:59 Hussite Reforms
waw15
10:38 Feudal Age
12:46 Loom
15:08 Castle Age
13:48 Stone Mining
13:45 Double-Bit Axe
18:04 Horse Collar
23:29 Fletching
23:22 Elite Skirmisher
26:12 Guard Tower
31:51 Imperial Age
30:20 Forging
30:10 Scale Mail Armor
30:13 Padded Archer Armor
31:35 Ballistics
31:54 Iron Casting
31:20 Bodkin Arrow
34:57 Keep
37:25 Elite Samurai
39:06 Yasama
38:32 Elite Samurai
41:10 Blast Furnace
40:25 Chain Mail Armor
41:08 Pikeman
41:48 Squires
41:59 Halberdier
45:41 Bow Saw
46:30 Thumb Ring
48:38 Caravan
48:51 Bracer
51:28 Onager
53:01 Padded Archer Armor
53:33 Gold Mining
54:34 Leather Archer Armor
54:50 Plate Mail Armor
55:43 Chemistry
YJHAN
3:06 Loom
12:40 Feudal Age
13:21 Town Watch
14:47 Double-Bit Axe
20:59 Castle Age
19:03 Horse Collar
19:56 Fletching
20:18 Forging
22:03 Crossbowman
24:20 Squires
24:05 Arson
26:23 Scale Mail Armor
29:41 Szlachta Privileges
30:17 Heavy Plow
30:56 Scale Barding Armor
31:41 Husbandry
31:51 Bloodlines
39:28 Imperial Age
37:36 Wheelbarrow
40:33 Conscription
40:41 Cavalier
41:56 Treadmill Crane
43:27 Chemistry
44:01 Iron Casting
44:07 Pikeman
44:58 Gold Mining
44:59 Stone Mining
46:31 Caravan
46:54 Light Cavalry
49:06 Bow Saw
50:09 Elite Skirmisher
52:23 Thumb Ring
52:25 Murder Holes
52:15 Arrowslits
52:52 Ballistics
53:00 Bodkin Arrow
53:06 Padded Archer Armor
54:09 Blast Furnace
53:24 Chain Mail Armor
54:54 Bracer
60:28 Winged Hussar
66:18 Crop Rotation
xorpad
16:27 Feudal Age
19:43 Horse Collar
19:59 Gold Mining
19:57 Double-Bit Axe
23:33 Castle Age
28:41 Heavy Plow
31:19 Imperial Age
29:49 Pikeman
30:32 Squires
31:53 Wheelbarrow
31:44 Ballistics
34:15 Hand Cart
35:06 Man-at-Arms
35:32 Gambesons
38:07 Bow Saw
38:14 Elite Skirmisher
39:08 Long Swordsman
45:15 Fletching
45:27 Padded Archer Armor
45:24 Onager
53:14 Two-Man Saw
58:50 Leather Archer Armor
58:31 Bodkin Arrow
62:07 Ring Archer Armor
66:21 Heavy Scorpion
diossnefru1
0:29 Loom
10:38 Feudal Age
11:54 Wheelbarrow
11:09 Double-Bit Axe
11:07 Horse Collar
14:34 Gold Mining
21:48 Castle Age
21:50 Stone Mining
21:48 Town Watch
23:43 Heavy Plow
23:55 Bow Saw
28:57 Murder Holes
29:15 Fletching
30:35 Bodkin Arrow
36:10 Imperial Age
33:42 Pikeman
34:36 Forging
34:56 Ballistics
35:41 Scale Mail Armor
36:17 Iron Casting
35:44 Padded Archer Armor
36:44 Hand Cart
36:32 Town Patrol
38:28 Chemistry
38:54 Blast Furnace
38:11 Chain Mail Armor
39:07 Conscription
39:21 Siege Engineers
38:59 Halberdier
42:41 Arquebus
42:06 Elite Organ Gun
44:59 Plate Mail Armor
47:32 Circumnavigation
50:22 Bracer
50:38 Leather Archer Armor
52:15 Husbandry
52:18 Treadmill Crane
53:03 Bloodlines
52:58 Cavalier
53:48 Scale Barding Armor
53:45 Arson
56:18 Chain Barding Armor
56:31 Ring Archer Armor
55:59 Heated Shot
56:24 Masonry
58:32 Plate Barding Armor
62:33 Onager
gubii
3:50 Loom
14:12 Feudal Age
15:34 Wheelbarrow
14:49 Double-Bit Axe
17:21 Gold Mining
21:59 Castle Age
23:31 Bow Saw
23:45 Husbandry
24:35 Scale Barding Armor
26:37 Hand Cart
26:56 Horse Collar
29:06 Pikeman
32:43 Chain Barding Armor
32:54 Stone Mining
33:21 Caravan
34:11 Fortified Wall
34:22 Ballistics
37:58 Imperial Age
37:09 Treadmill Crane
37:42 Heavy Plow
38:53 Gold Shaft Mining
38:54 Stone Shaft Mining
38:43 Halberdier
40:47 Chemistry
39:59 Elite Skirmisher
40:42 Cavalier
43:38 Plate Barding Armor
43:40 Scale Mail Armor
43:41 Padded Archer Armor
45:40 Heavy Camel Rider
47:39 Leather Archer Armor
47:14 Fletching
48:03 Hoardings
48:57 Squires
48:43 Arson
49:26 Greek Fire
50:29 Bodkin Arrow
54:17 Conscription
58:12 Ring Archer Armor
58:51 Two-Man Saw
59:18 Light Cavalry
60:42 Chain Mail Armor
61:16 Onager
63:29 Guilds
63:24 Elite Cataphract
64:20 Logistica
Knight826x
0:32 Loom
13:27 Feudal Age
19:52 Castle Age
24:35 Horse Collar
24:43 Double-Bit Axe
25:35 Bow Saw
26:32 Heavy Plow
32:50 Fletching
36:17 Imperial Age
34:13 Padded Archer Armor
35:38 Bloodlines
35:51 Bodkin Arrow
36:14 Leather Archer Armor
36:00 Light Cavalry
37:30 Scale Barding Armor
37:39 Forging
37:24 Elite Kipchak
38:42 Hussar
40:12 Wheelbarrow
40:15 Ring Archer Armor
40:10 Chain Barding Armor
42:51 Plate Barding Armor
42:56 Iron Casting
44:02 Steppe Husbandry
44:03 Cuman Mercenaries
49:15 Thumb Ring
49:35 Parthian Tactics
55:41 Hand Cart
56:12 Crop Rotation
58:18 Blast Furnace
67:46 Masonry
Connection lost

Rejoining the realm…

Still unreachable

The connection could not be restored.

Session expired

The server has moved on; the page needs a fresh start.